 Dungeon Crawl Stone Soup version 0.22-a0-398-g8bb545f (webtiles) character file.

345 zero the Geomancer (level 6, -6/32 HPs)
             Began as a Gargoyle Earth Elementalist on May 4, 2018.
             Killed by divine providence
             ... invoked by an orc priest
              (10 damage)
             ... on level 3 of the Dungeon.
             The game lasted 00:04:11 (2403 turns).

zero the Geomancer (Gargoyle Earth Elementalist)    Turns: 2403, Time: 00:04:11

Health: -6/32      AC:  8    Str: 12    XL:     6   Next: 58%
Magic:  4/9        EV: 12    Int: 17    God:
Gold:   85         SH:  0    Dex: 10    Spells: 0/9 levels left

rFire    . . .     SeeInvis .   n - +1 dagger (venom)
rCold    . . .     Gourm    .   (no shield)
rNeg     + . .     Faith    .   c - +0 robe
rPois    ∞         Spirit   .   r - +0 helmet
rElec    +         Reflect  .   (no cloak)
rCorr    .         Harm     .   (no gloves)
MR       .....                  l - +0 pair of boots
Stlth    ++........             (no amulet)
HPRegen  0.10/turn              (no ring)
MPRegen  0.11/turn              (no ring)

@: no status effects
A: negative energy resistance 1, electricity resistance, unbreathing,
petrification resistance, rot immunity, AC +4
a: no special abilities


You were on level 3 of the Dungeon.
You were hungry.

You visited 1 branch of the dungeon, and saw 4 of its levels.

You collected 85 gold pieces.

Inventory:

Hand Weapons
 n - a +1 dagger of venom (weapon)
 v - a +0 dagger of freezing
Missiles
 b - 103 stones (quivered)
Armour
 c - a +0 robe (worn)
 l - a +0 pair of boots (worn)
 r - a +0 helmet (worn)
Jewellery
 s - an uncursed amulet of faith {unknown}
Wands
 t - a wand of paralysis (9)
Scrolls
 a - 2 scrolls of identify {unknown}
 e - a scroll of enchant armour {unknown}
 f - 2 scrolls of remove curse {unknown}
 g - a scroll of amnesia {unknown}
 h - 2 scrolls of teleportation {unknown}
 j - a scroll of fog {unknown}
 q - a scroll of fear {unknown}
Potions
 i - a potion of mutation {unknown}
 k - a potion of agility {unknown}
 m - a potion of invisibility {unknown}
 o - a potion of curing {unknown}
 u - a potion of lignification {unknown}
 w - 2 potions of flight {unknown}
Comestibles
 d - 5 rations
 p - 16 chunks of flesh


   Skills:
 - Level 1.5 Dodging
 - Level 2.1 Stealth
 + Level 2.4 Spellcasting
 + Level 1.5 Conjurations
   Level 0.7 Transmutations
 + Level 8.1 Earth Magic


You couldn't memorise any spells.
You knew the following spells:

 Your Spells              Type           Power        Failure   Level  Hunger
a - Sandblast             Erth           ####..       1%          1    #......
b - Stone Arrow           Conj/Erth      ###...       8%          3    ###....
c - Lee's Rapid Deconstr  Erth           ####......   19%         5    ######.


Dungeon Overview and Level Annotations

Branches:
Dungeon (4/15)
 Temple: D:4-7

Altars:
Ru


Innate Abilities, Weirdness & Mutations

You are resistant to torment.
Your stone body is resilient. (AC +4)
You are immune to poison.
You resist negative energy. (rN+)
You are resistant to electric shocks. (rElec)
You can survive without breathing.
You are immune to petrification.
You are immune to rotting.


Message History

Casting: Sandblast (safe; 1% risk of failure)
Confirm with . or Enter, or press ? or * to list all spells.
Aiming: Sandblast (safe; 1% risk of failure)
Press: ? - help, Shift-Dir - straight line, f/p - orc
Aim: an orc, wielding a mace and wearing a scale mail The blast of sand hits the orc.
You kill the orc!
b - 104 stones
Casting: Sandblast (safe; 1% risk of failure)
Confirm with . or Enter, or press ? or * to list all spells.
Aiming: Sandblast (safe; 1% risk of failure)
Press: ? - help, Shift-Dir - straight line, f - jackal
Aim: a jackal The blast of sand hits the jackal.
You kill the jackal!
b - 103 stones
There is a stone staircase leading down here.
The orc priest calls down the wrath of Beogh upon you.
Beogh smites you!
You die...

...o....#### #.#...#...#.....
#..........### #
#.).#...#.#..# #............
#...)...#..... #..........#
###._.###.##.# ...oo....#
###.......##.... #h#...g.#
#.#...#...#....# #.......#
#.#...#..)#....#
###o###########.+#######'.....
#....$..o.)go@.......#....##.#
##############..#.#.....).....
#.##†#.#####..... #.##.#.#
#.#### #.##.#.# #.# # #.##.#.#
#.# . #.##.#.# #.# #.##...#
#.# #.##.### #.#


You could see an orc priest, an orc and a goblin.

Vanquished Creatures
  An ogre (D:2)
  An orc priest (D:3)
  Ijyb (D:3)
  2 orc wizards (D:3)
  A hound skeleton (D:4)
  3 gnolls (D:2)
  2 adders
  4 worms
  2 leopard geckos
  3 orcs (D:3)
  A ball python (D:1)
  6 bats
  4 giant cockroaches
  18 goblins
  5 hobgoblins
  6 jackals (D:3)
  A quokka (D:2)
  6 frilled lizards
  4 kobolds
  7 rats
78 creatures vanquished.

Notes
Turn   | Place    | Note
-------+----------+-------------------------------------------
     0 | D:1      | zero the Gargoyle Earth Elementalist began the quest for the Orb.
     0 | D:1      | Reached XP level 1. HP: 10/10 MP: 3/3
   167 | D:1      | Reached skill level 4 in Earth Magic
   180 | D:1      | Reached XP level 2. HP: 9/15 MP: 3/5
   672 | D:2      | Reached XP level 3. HP: 19/19 MP: 6/6
   680 | D:2      | Reached skill level 5 in Earth Magic
  1031 | D:2      | Noticed an ogre
  1036 | D:2      | Killed an ogre
  1036 | D:2      | Reached skill level 6 in Earth Magic
  1036 | D:2      | Reached XP level 4. HP: 24/24 MP: 4/7
  1036 | D:2      | Reached XP level 5. HP: 28/28 MP: 4/8
  1561 | D:2      | Reached skill level 7 in Earth Magic
  2060 | D:3      | Noticed Ijyb
  2063 | D:3      | Paralysed by Ijyb for 5 turns
  2074 | D:3      | Killed Ijyb
  2079 | D:3      | Reached XP level 6. HP: 31/32 MP: 0/9
  2140 | D:3      | Learned a level 3 spell: Stone Arrow
  2146 | D:3      | Learned a level 5 spell: Lee's Rapid Deconstruction
  2321 | D:4      | Reached skill level 1 in Conjurations
  2333 | D:3      | Found a sacrificial altar of Ru.
  2339 | D:3      | Reached skill level 8 in Earth Magic
  2403 | D:3      | Killed from afar by an orc priest

Vault maps used:
D:1:      minmay_arrival_split_and_join
D:3:      kennysheep_the_goblin_king, nicolae_ru_great_annihilating_truth,
          mrwooster_statue_mirror
D:4:      minmay_temple_entry_junction_2, uniq_ijyb

Skill      XL: |  1  2  3  4  5  6 |
---------------+-------------------+-----
Earth Magic    | 4 6 7 8 |  8.1
Conjurations   | 1 |  1.5
Dodging        | |  1.5
Stealth        | |  2.1
Spellcasting   | |  2.4
Transmutations | |  0.7

Action                   |  1- 3 |  4- 6 || total
-------------------------+-------+-------++-------
Melee: Unarmed           |    10 |       ||    10
       Club              |     6 |       ||     6
       Spear             |    67 |       ||    67
       Dagger            |    14 |    88 ||   102
 Cast: Sandblast         |     6 |    34 ||    40
 Stab: Sleeping          |     1 |     4 ||     5
       Paralysed         |       |     2 ||     2
  Eat: Chunk             |     1 |     4 ||     5
Armor: Robe              |    42 |    39 ||    81
Dodge: Dodged            |    71 |    54 ||   125

Table legend:
 A = Spawn XP
 B = Non-spawn XP
 C = Spawn XP percentage of total XP
 D = Spawn monster count
 E = Non-spawn monster count
 F = Spawn count percentage of total count
 G = Total turns spent on level
                    A         B        C        D         E        F      G
               +---------+---------+-------+---------+---------+-------+---------
         Total |       0 |     493 |   0.0 |       0 |      78 |   0.0 |  2403
               +---------+---------+-------+---------+---------+-------+---------
           D:1 |       0 |      19 |   0.0 |       0 |      11 |   0.0 |   630
           D:2 |       0 |     231 |   0.0 |       0 |      32 |   0.0 |  1245
           D:3 |       0 |     225 |   0.0 |       0 |      34 |   0.0 |   518
           D:4 |       0 |      18 |   0.0 |       0 |       1 |   0.0 |    10
               +---------+---------+-------+---------+---------+-------+---------
